 Dungeon Crawl Stone Soup version 0.32-a0-666-ge8a88695a4 (webtiles) character file.

Game seed: 13135544982934218234

18 Sabo the Charlatan (level 2, -1/21 HPs)
             Began as a Coglin Artificer on Mar 10, 2024.
             Slain by a jackal (3 damage)
             ... on level 2 of the Dungeon.
             The game lasted 00:05:15 (734 turns).

Sabo the Charlatan (Coglin Artificer)                Turns: 734, Time: 00:05:16

Health: -1/21      AC:  4    Str: 12    XL:     2   Next: 66%
Magic:  2/2        EV: 11    Int: 10    God:
Gold:   37         SH:  0    Dex: 14    Spells: 1/1 levels left

rFire   . . .        a - +0 club {Khenut}
rCold   . . .        f - +0 dagger {Ealamassi}
rNeg    . . .        b - +0 leather armour
rPois   .            h - +0 helmet
rElec   .            (no cloak)
rCorr   .            (no gloves)
SInv    .            (no boots)
Will    .....        (amulet unavailable)
Stlth   +            (ring unavailable)
HPRegen 0.23/turn    (ring unavailable)
MPRegen 0.08/turn    (no gizmo)

%: no passive effects
@: lethally poisoned (-1 -> -4), revved
A: off-hand wielding, slow wielding, warmup strikes, no jewellery
a: Invent Gizmo


You were on level 2 of the Dungeon.
You visited 1 branch of the dungeon, and saw 2 of its levels.

You collected 37 gold pieces.

Inventory:

Hand Weapons
 a - a +0 club (weapon) {Khenut}
 f - a +0 dagger (offhand) {Ealamassi}
 j - a +2 quarterstaff of draining
Armour
 b - a +0 leather armour (worn)
 h - a +0 helmet (worn)
Talismans
 l - a talisman of death
Wands
 c - a wand of flame (15) (quivered)
 d - a wand of charming (15)
 e - a wand of iceblast (5)
Scrolls
 i - 2 scrolls of identify {unknown}
 k - a scroll of fear {unknown}
Potions
 g - a potion of haste {unknown}


   Skills:
 + Level 1.1 Fighting
 + Level 0.2 Maces & Flails
 + Level 2.1 Armour
 + Level 0.8 Dodging
 + Level 0.7 Stealth
 + Level 4.8 Evocations


You had one spell level left.
You didn't know any spells.
Your spell library contained the following spells:

 Spells                   Type           Power      Damage    Failure   Level
 Apportation              Tloc           0%         N/A       43%         1
 Necrotise                Necr           0%         1d4       43%         1
 Vampiric Draining        Necr           0%         2d6       82%         3
 Martyr's Knell           Necr/Summ      0%         N/A       99%         4
 Curse of Agony           Necr           0%         N/A       100%        5


Dungeon Overview and Level Annotations

Branches:
Dungeon (2/15)

Altars:


Innate Abilities, Weirdness & Mutations

You can wield a second weapon in your off-hand.
It takes a long time for you to wield or remove held weapons.
Your first few attacks do less damage.
You cannot equip rings or amulets.


Message History

An adder comes into view.
The jackal closely misses you.
You hit the jackal with your +0 club.
The jackal is severely wounded.
You hit the jackal but do no damage.
The jackal bites you but does no damage.
The jackal closely misses you. x2
You hit the jackal but do no damage.
The jackal is severely wounded.
You hit the jackal with your +0 club.
You kill the jackal!
The jackal closely misses you. x2
The jackal bites you but does no damage.
The jackal misses you. The adder bites you but does no damage.
The jackal bites you. The jackal barely misses you.
You see here a jackal corpse.
You hit the adder with your +0 dagger.
The adder is lightly wounded.
You barely miss the adder with your +0 club.
The adder barely misses you. The jackal barely misses you.
The jackal bites you. The adder bites you.
You are poisoned.
The adder poisons you!
The jackal bites you but does no damage.
The jackal bites you.
You hit the adder with your +0 dagger.
The adder is moderately wounded.
You hit the adder but do no damage.
You feel sick. The adder bites you but does no damage.
The jackal barely misses you. The jackal closely misses you.
You closely miss the adder with your +0 dagger.
The adder is moderately wounded.
You closely miss the adder with your +0 club.
You feel sick. The jackal closely misses you. The jackal bites you.
* * * LOW HITPOINT WARNING * * *
The adder bites you.
* * * LOW HITPOINT WARNING * * *
The jackal bites you.
You die...

#... #....
......
.....?
......
......#+##
......S..#
......h@.##
......h...#
..........#
.......<..#
..........#
#####.#+#.#
## .# .# .#


You could see an adder and 2 jackals.

Vanquished Creatures
  3 ball pythons (D:1)
  2 endoplasms (D:1)
  3 goblins (D:1)
  A hobgoblin (D:1)
  A jackal (D:2)
  2 quokkas (D:1)
  A bat (D:1)
  4 rats (D:1)
17 creatures vanquished.

Notes
Turn   | Place    | Note
-------+----------+-------------------------------------------
     0 | D:1      | Sabo the Coglin Artificer began the quest for the Orb.
     0 | D:1      | Reached XP level 1. HP: 15/15 MP: 1/1
    44 | D:1      | Found a faded altar of an unknown god.
    59 | D:1      | Got Plato's Treatise on the Vector
   155 | D:1      | Reached XP level 2. HP: 18/21 MP: 2/2
   734 | D:2      | Slain by a jackal

Illustrated notes

Levels and vault maps discovered:
D:1:      saegor_arrival_simple_e, layout_rooms,
          shapermc_ecumenical_altar_rom_forum
D:2:      layout_basic, serial_shops, shop

Skill      XL: |  1  2 |
---------------+-------+-----
Armour         | 2 |  2.1
Fighting       | |  1.1
Maces & Flails | |  0.2
Dodging        | |  0.8
Stealth        | |  0.7
Evocations     | |  4.8

Action                     || total
---------------------------++-------
  Melee: Dagger            ||    51
         Club              ||    52
 Armour: Leather armour    ||    57
  Dodge: Dodged            ||    37

Table legend: (Time is in decaauts)
 A = Elapsed time spent in this place.
 B = Non-inter-level travel time spent in this place.
 C = Inter-level travel time spent in this place.
 D = Time resting spent in this place.
 E = Time spent auto-exploring this place.
 F = Levels seen in this place.
 G = Mean time per level.
                   A        B        C        D        E       F      G
               +--------+--------+--------+--------+--------+-----+--------+
         Total |    741 |    741 |      0 |    104 |      0 |   2 |  370.5 |
       Dungeon |    741 |    741 |      0 |    104 |      0 |   2 |  370.5 |
               +--------+--------+--------+--------+--------+-----+--------+

Top non-repeatable levels by time:
     D:1: 731 daAuts
     D:2: 10 daAuts
